Map: Nightshade LE

Players

Dono

  • Race: Protoss Protoss
  • League: Diamond
  • Spawn Location: 11:00

TwentyQueens - Winner!

  • Race: Zerg Zerg
  • League: Diamond
  • Spawn Location: 5:00

VOD

Have the link to the VOD?

Description

Time

  • Played on: May 8, 2020, 10:33 a.m.
  • Length: 11:51
Show
View Real Time Build Order
Export as new Build Order

Dono Protoss 

Build Orders:  

Get SALT Encoding   

  12  0:01  Probe  
  13  0:13  Probe  
  14  0:20  Pylon  
  14  0:25  Probe  
  15  0:38  Probe (Chrono Boost)  
  16  0:48  Probe (Chrono Boost)  
  17  0:53  Probe (Chrono Boost)  
  18  1:04  Probe  
  18  1:09  Forge  
  19  1:11  Gateway  
  19  1:16  Probe  
  20  1:29  Probe  
  21  1:38  Pylon  
  21  1:43  Photon Cannon  
  21  1:48  Nexus  
  21  1:54  Assimilator  
  21  2:00  Probe  
  22  2:03  Assimilator  
  22  2:29  Pylon  
  22  2:31  Probe (Chrono Boost)  
  23  2:45  Pylon  
  23  2:49  Probe (Chrono Boost)  
  23  2:51  Cybernetics Core  
  24  2:53  Probe (Chrono Boost)  
  25  3:04  Probe  
  26  3:11  Probe (Chrono Boost)  
  27  3:16  Probe (Chrono Boost)  
  28  3:23  Probe (Chrono Boost)  
  28  3:26  Probe (Chrono Boost)  
  30  3:28  Probe (Chrono Boost)  
  30  3:31  Probe (Chrono Boost)  
  32  3:36  Adept  
  32  3:37  Warp Gate, Probe  
  35  3:58  Probe (Chrono Boost)  
  35  4:02  Robotics Facility, Probe (Chrono Boost)  
  37  4:04  Protoss Ground Weapons Level 1  
  38  4:10  Probe (Chrono Boost)  
  38  4:12  Probe (Chrono Boost)  
  38  4:16  Probe (Chrono Boost)  
  40  4:18  Probe (Chrono Boost)  
  40  4:24  Probe  
  41  4:25  Assimilator  
  41  4:27  Sentry  
  41  4:28  Probe  
  45  4:36  Pylon  
  45  4:40  Gateway  
  45  4:42  Gateway  
  45  4:47  Immortal (Chrono Boost)  
  48  4:58  Probe x2  
  50  5:01  Assimilator  
  50  5:08  Pylon  
  50  5:13  Twilight Council  
  50  5:16  Probe  
  50  5:18  Pylon  
  50  5:19  Probe  
  52  5:24  Pylon  
  52  5:25  Stalker  
  52  5:26  Immortal (Chrono Boost)  
  58  5:35  Gateway  
  58  5:37  Probe  
  58  5:38  Robotics Bay  
  59  5:48  Probe  
  61  5:50  Probe  
  61  5:52  Stalker, Pylon  
  63  5:57  Stalker x2  
  68  6:04  Observer (Chrono Boost)  
  68  6:05  Pylon  
  68  6:12  Protoss Ground Weapons Level 2 (Chrono Boost)  
  68  6:26  Stalker  
  68  6:27  Stalker x2  
  74  6:36  Pylon  
  74  6:37  Gateway  
  74  6:40  Gateway  
  74  6:48  Blink (Chrono Boost)  
  74  6:53  Gateway  
  74  6:55  Gateway  
  74  6:57  Colossus  
  74  6:58  Pylon  
  80  7:04  Adept x3  
  81  7:44  Photon Cannon x2  
  81  7:47  Pylon  
  81  7:50  Photon Cannon  
  79  7:52  Shield Battery  
  79  7:54  Photon Cannon  
  79  7:55  Stalker  
  79  7:56  Stalker x3  
  87  7:58  Templar Archives  
  86  8:12  Stalker x4  
  86  8:28  Probe  
  87  8:36  Stalker x4, Shield Battery  
  87  8:40  Probe  
  95  8:52  Probe  
  96  9:15  Psionic Storm  
  92  9:22  Zealot x5  
  92  9:23  Zealot x3  
  108  9:27  Charge  
  102  9:50  Pylon  
  90  10:07  High Templar x2  
  90  10:09  High Templar  
  90  10:10  Pylon x2  
  90  10:12  Zealot x3  
  102  10:34  High Templar  
  102  10:38  Pylon  
  102  10:40  Stalker x3  
  106  11:07  Pylon  
  106  11:08  Pylon  
  106  11:11  Pylon  
  104  11:25  Nexus  
Show
View Real Time Build Order
Export as new Build Order

TwentyQueens Zerg - Winner!

Build Orders: Pool First 

Get SALT Encoding   

  12  0:01  Drone  
  13  0:22  Spawning Pool  
  13  0:25  Drone  
  13  0:30  Drone  
  14  0:36  Extractor  
  14  0:37  Drone  
  15  0:43  Overlord  
  15  1:09  Zergling x6  
  15  1:10  Queen  
  20  1:29  Hatchery  
  20  1:31  Drone  
  20  1:34  Drone  
  21  1:42  Extractor  
  21  1:44  Overlord  
  20  1:56  Drone  
  20  2:18  Drone x5  
  25  2:27  Drone  
  25  2:28  Queen  
  27  2:45  Queen  
  27  2:46  Overlord  
  27  2:48  Drone x2  
  31  2:53  Drone  
  32  2:59  Drone  
  32  3:02  Zergling x2  
  34  3:13  Drone x2  
  34  3:15  Drone x2  
  38  3:23  Drone  
  38  3:25  Drone  
  40  3:31  Drone  
  40  3:33  Metabolic Boost, Extractor  
  40  3:37  Spore Crawler  
  40  3:39  Spore Crawler  
  40  3:41  Drone, Hatchery  
  38  3:53  Drone x5  
  38  3:54  Drone  
  44  4:00  Overlord  
  43  4:10  Roach Warren  
  42  4:18  Overlord x2  
  42  4:28  Extractor x2  
  40  4:32  Drone x3  
  40  4:33  Drone x5  
  40  4:34  Drone x2  
  50  4:40  Zergling x2  
  50  4:44  Zergling x2  
  52  4:59  Lair  
  52  5:05  Drone x8  
  52  5:06  Drone  
  61  5:18  Queen  
  63  5:23  Overlord  
  63  5:31  Overlord x2  
  63  5:32  Overlord  
  63  5:34  Drone x4  
  67  5:39  Drone  
  68  5:48  Drone  
  69  5:50  Evolution Chamber  
  69  5:51  Drone  
  69  5:54  Drone x3  
  69  5:55  Overlord  
  72  5:59  Drone x2  
  72  6:00  Drone  
  72  6:01  Spire  
  74  6:15  Zerg Melee Weapons Level 1  
  74  6:16  Overlord x2  
  74  6:18  Extractor  
  74  6:20  Extractor  
  74  6:21  Overlord x2  
  74  6:24  Overlord  
  72  6:26  Zergling x6  
  72  6:27  Zergling x10  
  72  6:31  Hatchery  
  79  6:46  Overlord  
  79  6:59  Zergling x8  
  79  7:00  Zergling x8  
  87  7:12  Mutalisk  
  87  7:13  Mutalisk x8  
  104  7:25  Mutalisk x2  
  104  7:26  Mutalisk x4  
  114  7:45  Mutalisk x2  
  114  7:47  Drone x3  
  114  7:48  Drone x3  
  114  7:50  Drone x5  
  114  7:51  Queen, Drone x3  
  134  7:53  Zerg Flyer Weapons Level 1  
  134  8:19  Mutalisk x3  
  138  8:31  Mutalisk x2  
  142  8:47  Infestation Pit  
  141  8:49  Drone x5  
  141  8:50  Drone x8  
  141  8:51  Glial Reconstitution  
  141  8:54  Zerg Ground Armor Level 1  
  154  8:58  Evolution Chamber  
  153  9:03  Drone x3  
  153  9:06  Baneling Nest, Overlord  
  152  9:21  Overlord x4  
  151  9:26  Zerg Missile Weapons Level 1  
  151  9:27  Roach x4  
  157  9:42  Mutalisk x6  
  169  9:46  Roach x2  
  169  9:48  Roach  
  169  9:50  Roach  
  177  9:59  Roach x2  
  181  10:00  Roach x2  
  181  10:01  Roach  
  181  10:02  Zergling x12  
  181  10:05  Extractor  
  181  10:06  Extractor  
  189  10:14  Roach x2  
  189  10:15  Extractor  
  189  10:17  Overlord, Roach, Hatchery  
  189  10:18  Overlord x2  
  189  10:19  Hive  
  189  10:20  Evolution Chamber, Extractor  
  189  10:24  Overlord x2  
  189  10:30  Hatchery  
  189  10:31  Hatchery  
  189  10:33  Roach x2  
  189  10:51  Roach x5  
  199  11:06  Spine Crawler x2  
  199  11:07  Spine Crawler, Drone x3  
  199  11:08  Spine Crawler x2  
  199  11:10  Spine Crawler x3  
  199  11:11  Spine Crawler x3  
  193  11:12  Spine Crawler  
  193  11:13  Spine Crawler  
  193  11:14  Spine Crawler  
  193  11:17  Spine Crawler  
Tags
 
Add a new tag
Caveats
  • Supply blocks, unpowered buildings, or Contaminate may cause inaccurate times.
  • Supply counts are checked every 10 seconds.